Havana Tropicals vs Tappara Tampere
Created - Monday, February 26, 2024 at 07:11
Goals
|
| Havana Tropicals |
0 |
2 |
1 |
3 |
| Tappara Tampere |
3 |
1 |
0 |
4 |
|
Shots
|
| Havana Tropicals |
7 |
23 |
15 |
45 |
| Tappara Tampere |
12 |
12 |
7 |
31 |
|
1st period
1. Tappara Tampere , Stefan Noesen 11 (Mattias Janmark 9) at 3:42
2. Tappara Tampere , Rocco Grimaldi 5 (Stefan Noesen 9) at 14:36
3. Tappara Tampere , Andy Andreoff 5 (Mattias Janmark 10, Stefan Noesen 10) at 15:10 (PP)
Penalties :
Timothy Liljegren (HAV) for Interference (Minor) at 14:53, Phillip Di Giuseppe (TAP) for Interference (Minor) at 16:24
2nd period
4. Tappara Tampere , Kent Johnson 8 (Logan O'Connor 8, Calvin De Haan 7) at 3:37
5. Havana Tropicals , Philipp Kurashev 13 (Emil Bemstrom 10, Kevin Gravel 7) at 5:33
6. Havana Tropicals , Pierre-edouard Bellemare 11 (Samuel Blais 16) at 6:01 (PP)
Penalties :
Andy Andreoff (TAP) for Tripping (Minor) at 0:03, Jan Rutta (TAP) for Roughing (Minor) at 5:55, Philipp Kurashev (HAV) for Holding (Minor) at 11:26, Emil Bemstrom (HAV) for Holding Stick (Minor) at 12:04, Andy Andreoff (TAP) for Hooking (Minor) at 14:57
3rd period
7. Havana Tropicals , Teddy Blueger 2 (Philipp Kurashev 13, Emil Bemstrom 11) at 18:52 (PP)
Penalties :
Jan Rutta (TAP) for Holding (Minor) at 0:34, Logan O'Connor (TAP) for Hooking (Minor) at 1:21, Calvin De Haan (TAP) for Hooking (Minor) at 6:01, Ben Hutton (TAP) for Hooking (Minor) at 17:50
Goalie Stats
Eric Comrie (HAV), 27 saves from 31 shots - (0.871), L, 5-2-1, 59:12 minutes
Charlie Lindgren (TAP), 42 saves from 45 shots - (0.933), W, 5-2-2, 60:00 minutes
Players Stats for Havana Tropicals
Player Name G A P +/- PIM S H SB GA TA FO MP PP MP PK MP
------------------------------------------------------------------------------------
Alexander Nylander 0 0 0 0 0 4 2 0 0 0 0/0 12:42 0:00 0:00
Chris Tierney 0 0 0 0 0 0 0 0 0 0 1/3 9:02 0:00 1:00
Darren Raddysh 0 0 0 0 0 0 3 2 0 0 0/0 11:54 0:00 0:00
Dennis Cholowski 0 0 0 0 0 0 0 0 0 0 0/0 12:11 0:00 0:17
Elmer Soderblom 0 0 0 0 0 2 2 2 0 1 0/0 12:42 0:00 0:00
Emil Bemstrom 0 2 2 -1 2 9 1 0 0 1 0/1 19:26 6:14 0:25
Kevin Gravel 0 1 1 0 0 3 2 3 0 0 0/0 21:15 6:35 1:02
Matt Irwin 0 0 0 0 0 4 0 3 0 0 0/0 21:15 6:35 1:02
Nick Abruzzese 0 0 0 0 0 0 0 0 0 0 0/0 3:50 0:00 0:29
Nolan Foote 0 0 0 0 0 0 0 0 0 0 0/0 8:02 0:00 0:00
Pavel Dorofeyev 0 0 0 0 0 3 1 0 1 1 4/12 12:42 0:00 0:00
Philipp Kurashev 1 1 2 -1 2 9 1 0 1 0 7/23 24:05 6:14 0:24
Pierre-edouard Bellemare 1 0 1 -1 0 2 4 0 2 1 10/18 18:18 5:36 0:57
Samuel Blais 0 1 1 -1 0 3 2 0 1 0 0/2 17:21 5:36 0:00
Teddy Blueger 1 0 1 -1 0 4 3 0 0 0 2/4 20:12 6:14 1:11
Timothy Liljegren 0 0 0 -2 2 1 2 0 0 0 0/0 26:33 5:15 1:35
Zach Aston-Reese 0 0 0 -1 0 0 0 0 0 0 0/1 17:21 5:36 0:00
Zach Whitecloud 0 0 0 -2 0 1 3 0 0 1 0/0 26:51 5:15 1:52
Players Stats for Tappara Tampere
Player Name G A P +/- PIM S H SB GA TA FO MP PP MP PK MP
------------------------------------------------------------------------------------
Alex Goligoski 0 0 0 0 0 2 0 0 0 0 0/0 21:25 1:14 5:53
Anders Bjork 0 0 0 0 0 1 1 0 0 0 0/0 19:48 1:03 5:32
Andrew Poturalski 0 0 0 1 0 1 1 0 0 0 7/10 12:44 0:00 0:00
Andy Andreoff 1 0 1 1 4 2 2 0 0 0 17/20 14:20 1:51 0:00
Ben Hutton 0 0 0 2 2 0 2 1 0 0 0/0 16:03 0:00 0:54
Calvin De Haan 0 1 1 2 2 1 2 0 0 1 0/0 15:12 0:00 0:00
Jan Rutta 0 0 0 0 4 1 0 2 0 1 0/0 22:45 1:40 5:19
John Klingberg 0 0 0 0 0 1 1 1 0 0 0/0 22:18 1:40 5:57
Kent Johnson 1 0 1 0 0 3 1 0 0 0 7/15 14:47 1:03 0:28
Kiefer Sherwood 0 0 0 1 0 1 2 1 0 0 0/0 13:18 0:00 0:31
Logan O'Connor 0 1 1 0 2 2 1 2 0 0 1/3 19:19 1:03 5:03
Lukas Svejkovsky 0 0 0 0 0 0 1 0 0 0 0/0 6:41 0:00 0:00
Mattias Janmark 0 2 2 1 0 2 1 0 1 1 1/1 19:29 1:51 5:03
Mattias Samuelsson 0 0 0 0 0 2 2 0 0 1 0/0 22:32 1:14 5:53
Phillip Di Giuseppe 0 0 0 0 2 1 1 0 0 0 0/0 6:44 0:00 0:00
Rocco Grimaldi 1 0 1 1 0 4 1 0 2 1 0/0 12:44 0:00 0:00
Stefan Noesen 1 2 3 1 0 7 2 0 2 0 6/13 20:00 1:51 5:34
William Eklund 0 0 0 0 0 0 0 1 0 0 1/2 6:41 0:00 0:00
3 Stars
1 - Stefan Noesen (TAP)
2 - Charlie Lindgren (TAP)
3 - Rocco Grimaldi (TAP)
Power Play
Havana Tropicals - 2 on 8 Attempt(s) - 25.00%
Tappara Tampere - 1 on 3 Attempt(s) - 33.33%
Penalty Kill
Havana Tropicals - 2 on 3 Attempt(s) - 66.67%
- Score 0 goal in Penalty Kill
Tappara Tampere - 6 on 8 Attempt(s) - 75.00%
- Score 0 goal in Penalty Kill
Team Stat
Havana Tropicals - Hits : 26 - Faceoff Wins : 24 - Blocked Shots : 10 - Penalty Minutes : 6
Tappara Tampere - Hits : 21 - Faceoff Wins : 40 - Blocked Shots : 8 - Penalty Minutes : 16
Official
Referees : Jean Hebert and Francois StLaurent
Linesman : Trent Knorr and David Brisebois
Game Notes
No Game Note
Havana Tropicals
5 vs 5 Forward
Center Left Wing Right Wing Time % Phy DF OF
1 Philipp Kurashev Teddy Blueger Emil Bemstrom 30 1 2 2
2 Pierre-edouard Bellemare Samuel Blais Zach Aston-Reese 30 1 2 2
3 Pavel Dorofeyev Elmer Soderblom Alexander Nylander 25 1 2 2
4 Chris Tierney Nolan Foote Philipp Kurashev 15 1 2 2
5 vs 5 Defense
Defense Defense Time % Phy DF OF
1 Timothy Liljegren Zach Whitecloud 30 1 2 2
2 Matt Irwin Kevin Gravel 30 1 2 2
3 Darren Raddysh Dennis Cholowski 25 1 2 2
4 Timothy Liljegren Zach Whitecloud 15 1 2 2
PowerPlay Forward
Center Left Wing Right Wing Time % Phy DF OF
1 Philipp Kurashev Teddy Blueger Emil Bemstrom 50 1 2 2
2 Pierre-edouard Bellemare Samuel Blais Zach Aston-Reese 50 1 2 2
PowerPlay Defense
Defense Defense Time % Phy DF OF
1 Timothy Liljegren Zach Whitecloud 50 1 2 2
2 Matt Irwin Kevin Gravel 50 1 2 2
Penalty Kill 4 Players Forward
Center Wing Time % Phy DF OF
1 Philipp Kurashev Teddy Blueger 50 1 2 2
2 Pierre-edouard Bellemare Emil Bemstrom 50 1 2 2
Penalty Kill 4 Players Defense
Defense Defense Time % Phy DF OF
1 Timothy Liljegren Zach Whitecloud 50 1 2 2
2 Matt Irwin Kevin Gravel 50 1 2 2
Penalty Kill - 3 Players Forward
Forward Time % Phy DF OF
1 Philipp Kurashev 50 1 2 2
2 Teddy Blueger 50 1 2 2
Penalty Kill - 3 Players Defense
Defense Defense Time % Phy DF OF
1 Timothy Liljegren Zach Whitecloud 50 1 2 2
2 Matt Irwin Kevin Gravel 50 1 2 2
4 vs 4 Forward
Center Wing Time % Phy DF OF
1 Philipp Kurashev Teddy Blueger 50 1 2 2
2 Pierre-edouard Bellemare Emil Bemstrom 50 1 2 2
4 vs 4 Defense
Defense Defense Time % Phy DF OF
1 Timothy Liljegren Zach Whitecloud 50 1 2 2
2 Matt Irwin Kevin Gravel 50 1 2 2
Last Minutes Offensive
Center Left Wing Right Wing Defense Defense
Philipp Kurashev Teddy Blueger Emil Bemstrom Timothy Liljegren Zach Whitecloud
Last Minutes Defensive
Center Left Wing Right Wing Defense Defense
Philipp Kurashev Teddy Blueger Emil Bemstrom Timothy Liljegren Zach Whitecloud
Goaltenders
Starting : Eric Comrie
Backup : Unknown Goalie
Extra Forwards
Normal : Nick Abruzzese, Pavel Dorofeyev, Chris Tierney - PP : Nick Abruzzese, Pavel Dorofeyev - PK : Chris Tierney
Extra Defensemen
Normal : Darren Raddysh, Dennis Cholowski, Matt Irwin - PP : Darren Raddysh - PK : Dennis Cholowski, Matt Irwin
Penalty Shots
Philipp Kurashev, Teddy Blueger, Pierre-edouard Bellemare, Emil Bemstrom, Samuel Blais
Tappara Tampere
5 vs 5 Forward
Center Left Wing Right Wing Time % Phy DF OF
1 Andy Andreoff Stefan Noesen Mattias Janmark 31 1 2 2
2 Kent Johnson Logan O'Connor Anders Bjork 31 1 2 2
3 Andrew Poturalski Rocco Grimaldi Kiefer Sherwood 28 1 2 2
4 William Eklund Phillip Di Giuseppe Lukas Svejkovsky 10 1 2 2
5 vs 5 Defense
Defense Defense Time % Phy DF OF
1 John Klingberg Jan Rutta 30 1 2 2
2 Mattias Samuelsson Alex Goligoski 30 1 2 2
3 Calvin De Haan Ben Hutton 30 1 2 2
4 John Klingberg Jan Rutta 10 1 2 2
PowerPlay Forward
Center Left Wing Right Wing Time % Phy DF OF
1 Andy Andreoff Stefan Noesen Mattias Janmark 50 1 2 2
2 Kent Johnson Logan O'Connor Anders Bjork 50 1 2 2
PowerPlay Defense
Defense Defense Time % Phy DF OF
1 John Klingberg Jan Rutta 50 1 2 2
2 Mattias Samuelsson Alex Goligoski 50 1 2 2
Penalty Kill 4 Players Forward
Center Wing Time % Phy DF OF
1 Stefan Noesen Mattias Janmark 50 1 3 1
2 Logan O'Connor Anders Bjork 50 2 2 1
Penalty Kill 4 Players Defense
Defense Defense Time % Phy DF OF
1 John Klingberg Jan Rutta 50 2 2 1
2 Mattias Samuelsson Alex Goligoski 50 2 2 1
Penalty Kill - 3 Players Forward
Forward Time % Phy DF OF
1 Stefan Noesen 50 1 3 1
2 Mattias Janmark 50 1 3 1
Penalty Kill - 3 Players Defense
Defense Defense Time % Phy DF OF
1 John Klingberg Jan Rutta 50 2 2 1
2 Mattias Samuelsson Alex Goligoski 50 2 2 1
4 vs 4 Forward
Center Wing Time % Phy DF OF
1 Stefan Noesen Phillip Di Giuseppe 50 1 2 2
2 Logan O'Connor Kent Johnson 50 1 2 2
4 vs 4 Defense
Defense Defense Time % Phy DF OF
1 John Klingberg Jan Rutta 50 1 2 2
2 Mattias Samuelsson Alex Goligoski 50 1 2 2
Last Minutes Offensive
Center Left Wing Right Wing Defense Defense
Andy Andreoff Phillip Di Giuseppe Stefan Noesen John Klingberg Mattias Samuelsson
Last Minutes Defensive
Center Left Wing Right Wing Defense Defense
Andy Andreoff Stefan Noesen Mattias Janmark Jan Rutta Mattias Samuelsson
Goaltenders
Starting : Charlie Lindgren
Backup : Petr Mrazek
Extra Forwards
Normal : Kent Johnson, Rocco Grimaldi, Kiefer Sherwood - PP : Lukas Svejkovsky, Rocco Grimaldi - PK : Kiefer Sherwood
Extra Defensemen
Normal : Calvin De Haan, Ben Hutton, Mattias Samuelsson - PP : Calvin De Haan - PK : Ben Hutton, Mattias Samuelsson
Penalty Shots
Stefan Noesen, Mattias Janmark, Logan O'Connor, Anders Bjork, Andy Andreoff
% Time on Ice - Havana Tropicals
Lines # - Real PCT - Wanted PCT - Time Play
Normal Forward
1 - 26% - 30% - 11:40
2 - 27% - 30% - 11:45
3 - 29% - 25% - 12:42
4 - 18% - 15% - 8:02
Normal Defense
1 - 29% - 30% - 12:53
2 - 31% - 30% - 13:38
3 - 27% - 25% - 11:54
4 - 13% - 15% - 5:44
PP Forward
1 - 53% - 50% - 6:14
2 - 47% - 50% - 5:36
PP Defense
1 - 44% - 50% - 5:15
2 - 56% - 50% - 6:35
PK Forward
1 - 34% - 50% - 0:32
2 - 66% - 50% - 1:01
PK Defense
1 - 74% - 50% - 1:09
2 - 26% - 50% - 0:24
PK3 Forward
1 - 57% - 50% - 0:46
2 - 43% - 50% - 0:35
PK3 Defense
1 - 53% - 50% - 0:43
2 - 47% - 50% - 0:38
44 Forward
1 - 0% - 50%
2 - 0% - 50%
44 Defense
1 - 0% - 50%
2 - 0% - 50%
Last Minute Offensive - 1:07
Last Minute Defensive - 0:00
Total
Forward - 60:00
Defense - 60:00
|
% Time on Ice - Tappara Tampere
Lines # - Real PCT - Wanted PCT - Time Play
Normal Forward
1 - 26% - 31% - 11:28
2 - 30% - 31% - 13:16
3 - 29% - 28% - 12:44
4 - 15% - 10% - 6:41
Normal Defense
1 - 29% - 30% - 12:51
2 - 32% - 30% - 14:18
3 - 34% - 30% - 15:10
4 - 4% - 10% - 1:50
PP Forward
1 - 64% - 50% - 1:51
2 - 36% - 50% - 1:03
PP Defense
1 - 57% - 50% - 1:40
2 - 43% - 50% - 1:14
PK Forward
1 - 46% - 50% - 4:52
2 - 54% - 50% - 5:46
PK Defense
1 - 47% - 50% - 5:03
2 - 53% - 50% - 5:35
PK3 Forward
1 - 58% - 50% - 0:42
2 - 42% - 50% - 0:30
PK3 Defense
1 - 75% - 50% - 0:54
2 - 25% - 50% - 0:18
44 Forward
1 - 0% - 50%
2 - 0% - 50%
44 Defense
1 - 0% - 50%
2 - 0% - 50%
Last Minute Offensive - 0:00
Last Minute Defensive - 1:07
Total
Forward - 60:00
Defense - 60:00
|
Play-by-Play
1st period
0:01 of 1st period - Andy Andreoff wins face-off versus Philipp Kurashev in neutral zone.
0:14 of 1st period - Wrist shot by Stefan Noesen.
0:14 of 1st period - Stopped by Eric Comrie without a rebound.
0:15 of 1st period - Pierre-edouard Bellemare wins face-off versus Kent Johnson in Havana Tropicals zone.
0:42 of 1st period - Mattias Samuelsson is hit by Philipp Kurashev.
1:28 of 1st period - Wrist shot by Elmer Soderblom.
1:28 of 1st period - Shot Blocked by William Eklund.
1:38 of 1st period - Slapshot by Pavel Dorofeyev.
1:38 of 1st period - Stopped by Charlie Lindgren with a rebound.
2:10 of 1st period - Teddy Blueger is hit by John Klingberg.
2:42 of 1st period - Slapshot by William Eklund.
2:42 of 1st period - Shot Misses the Net.
3:00 of 1st period - Logan O'Connor is hit by Zach Whitecloud and loses puck.
3:42 of 1st period - Snap shot by Stefan Noesen.
3:42 of 1st period - Goal by Stefan Noesen - Havana Tropicals : 0 - Tappara Tampere : 1.
3:43 of 1st period - Pavel Dorofeyev wins face-off versus Andy Andreoff in neutral zone.
3:48 of 1st period - Snap shot by Elmer Soderblom.
3:48 of 1st period - Stopped by Charlie Lindgren with a rebound.
3:58 of 1st period - Wrist shot by Mattias Janmark.
3:58 of 1st period - Deflect By Stefan Noesen.
3:58 of 1st period - Shot Misses the Net.
3:58 of 1st period - Puck is out of play.
3:59 of 1st period - Kent Johnson wins face-off versus Teddy Blueger in Havana Tropicals zone.
4:24 of 1st period - Kiefer Sherwood is hit by Pierre-edouard Bellemare and loses puck.
4:49 of 1st period - Calvin De Haan is hit by Alexander Nylander and loses puck.
5:18 of 1st period - Andy Andreoff is hit by Darren Raddysh and loses puck.
5:59 of 1st period - Snap shot by Kiefer Sherwood.
5:59 of 1st period - Deflect By Rocco Grimaldi.
5:59 of 1st period - Shot Blocked by Matt Irwin.
5:59 of 1st period - Puck is out of play.
6:00 of 1st period - Pierre-edouard Bellemare wins face-off versus Andrew Poturalski in Havana Tropicals zone.
6:35 of 1st period - Snap shot by Mattias Janmark.
6:35 of 1st period - Shot Blocked by Matt Irwin.
7:26 of 1st period - Icing by Kiefer Sherwood.
7:27 of 1st period - Andrew Poturalski wins face-off versus Chris Tierney in Tappara Tampere zone.
7:58 of 1st period - Snap shot by Zach Aston-Reese.
7:58 of 1st period - Deflect By Samuel Blais.
7:58 of 1st period - Shot Misses the Net.
7:58 of 1st period - Puck is out of play.
7:59 of 1st period - Kent Johnson wins face-off versus Pavel Dorofeyev in Tappara Tampere zone.
8:05 of 1st period - Off-side.
8:06 of 1st period - Pavel Dorofeyev wins face-off versus Kent Johnson in neutral zone.
8:11 of 1st period - Wrist shot by Alexander Nylander.
8:11 of 1st period - Shot Misses the Net.
8:34 of 1st period - Snap shot by Andy Andreoff.
8:34 of 1st period - Stopped by Eric Comrie with a rebound.
8:46 of 1st period - Philipp Kurashev is hit by Andy Andreoff and loses puck.
8:59 of 1st period - Wrist shot by Phillip Di Giuseppe.
8:59 of 1st period - Stopped by Eric Comrie without a rebound.
9:00 of 1st period - Pierre-edouard Bellemare wins face-off versus William Eklund in Havana Tropicals zone.
9:00 of 1st period - Pierre-edouard Bellemare is hit by Lukas Svejkovsky.
9:06 of 1st period - Calvin De Haan is hit by Darren Raddysh and loses puck.
9:15 of 1st period - Slapshot by Phillip Di Giuseppe.
9:15 of 1st period - Shot Misses the Net.
9:57 of 1st period - Wrist shot by Pierre-edouard Bellemare.
9:57 of 1st period - Shot Blocked by Ben Hutton.
9:59 of 1st period - Snap shot by Pierre-edouard Bellemare.
9:59 of 1st period - Stopped by Charlie Lindgren with a rebound.
10:01 of 1st period - Wrist shot by Samuel Blais.
10:01 of 1st period - Shot Misses the Net.
10:23 of 1st period - Slapshot by Samuel Blais.
10:23 of 1st period - Stopped by Charlie Lindgren without a rebound.
10:24 of 1st period - Andy Andreoff wins face-off versus Philipp Kurashev in Tappara Tampere zone.
10:33 of 1st period - Snap shot by Mattias Janmark.
10:33 of 1st period - Stopped by Eric Comrie without a rebound.
10:34 of 1st period - Andy Andreoff wins face-off versus Philipp Kurashev in Havana Tropicals zone.
11:54 of 1st period - Icing by John Klingberg.
11:55 of 1st period - Andy Andreoff wins face-off versus Pavel Dorofeyev in Tappara Tampere zone.
12:00 of 1st period - Kevin Gravel is hit by Stefan Noesen and loses puck.
12:09 of 1st period - Snap shot by Stefan Noesen.
12:09 of 1st period - Stopped by Eric Comrie without a rebound.
12:10 of 1st period - Andrew Poturalski wins face-off versus Pierre-edouard Bellemare in Havana Tropicals zone.
12:19 of 1st period - Snap shot by Rocco Grimaldi.
12:19 of 1st period - Stopped by Eric Comrie with a rebound.
12:41 of 1st period - Alex Goligoski is hit by Kevin Gravel and loses puck.
13:38 of 1st period - Wrist shot by Nolan Foote.
13:38 of 1st period - Deflect By Chris Tierney.
13:38 of 1st period - Shot Misses the Net.
13:38 of 1st period - Puck is out of play.
13:39 of 1st period - Andrew Poturalski wins face-off versus Chris Tierney in Tappara Tampere zone.
13:48 of 1st period - Slapshot by Andrew Poturalski.
13:48 of 1st period - Stopped by Eric Comrie without a rebound.
13:49 of 1st period - Pavel Dorofeyev wins face-off versus Andrew Poturalski in Havana Tropicals zone.
14:10 of 1st period - Wrist shot by Kiefer Sherwood.
14:10 of 1st period - Stopped by Eric Comrie without a rebound.
14:11 of 1st period - Philipp Kurashev wins face-off versus Kent Johnson in Havana Tropicals zone.
14:36 of 1st period - Snap shot by Rocco Grimaldi.
14:36 of 1st period - Goal by Rocco Grimaldi - Havana Tropicals : 0 - Tappara Tampere : 2.
14:37 of 1st period - Logan O'Connor wins face-off versus Pavel Dorofeyev in neutral zone.
14:46 of 1st period - Mattias Samuelsson is hit by Zach Whitecloud.
14:53 of 1st period - Minor Penalty to Timothy Liljegren for Interference.
14:54 of 1st period - Stefan Noesen wins face-off versus Philipp Kurashev in Havana Tropicals zone.
15:08 of 1st period - Snap shot by Mattias Janmark.
15:08 of 1st period - Stopped by Eric Comrie with a rebound.
15:10 of 1st period - Snap shot by Mattias Janmark.
15:10 of 1st period - Deflect By Andy Andreoff.
15:10 of 1st period - Goal by Andy Andreoff - Havana Tropicals : 0 - Tappara Tampere : 3.
15:11 of 1st period - Andrew Poturalski wins face-off versus Philipp Kurashev in neutral zone.
15:22 of 1st period - Snap shot by Philipp Kurashev.
15:22 of 1st period - Stopped by Charlie Lindgren with a rebound.
15:24 of 1st period - Wrist shot by Philipp Kurashev.
15:24 of 1st period - Stopped by Charlie Lindgren without a rebound.
15:25 of 1st period - Pierre-edouard Bellemare wins face-off versus Kent Johnson in Tappara Tampere zone.
15:26 of 1st period - Wrist shot by Samuel Blais.
15:26 of 1st period - Shot Misses the Net.
16:24 of 1st period - Minor Penalty to Phillip Di Giuseppe for Interference.
16:25 of 1st period - Stefan Noesen wins face-off versus Philipp Kurashev in Tappara Tampere zone.
17:01 of 1st period - Slapshot by Samuel Blais.
17:01 of 1st period - Stopped by Charlie Lindgren without a rebound.
17:02 of 1st period - Philipp Kurashev wins face-off versus Logan O'Connor in Tappara Tampere zone.
17:03 of 1st period - Wrist shot by Emil Bemstrom.
17:03 of 1st period - Shot Blocked by Logan O'Connor.
17:46 of 1st period - Logan O'Connor is hit by Teddy Blueger and loses puck.
18:24 of 1st period - Penalty to Phillip Di Giuseppe is over, Phillip Di Giuseppe is back on ice.
18:54 of 1st period - Philipp Kurashev is hit by Ben Hutton and loses puck.
19:38 of 1st period - Nolan Foote is hit by Anders Bjork and loses puck.
19:47 of 1st period - Kevin Gravel is hit by Logan O'Connor.
Goals for this period are 0 for Havana Tropicals vs 3 for Tappara Tampere.
Shots for this period are 7 for Havana Tropicals vs 12 for Tappara Tampere.
2nd period
0:01 of 2nd period - Andy Andreoff wins face-off versus Philipp Kurashev in neutral zone.
0:03 of 2nd period - Minor Penalty to Andy Andreoff for Tripping.
0:04 of 2nd period - Stefan Noesen wins face-off versus Pierre-edouard Bellemare in Tappara Tampere zone.
0:12 of 2nd period - Stefan Noesen is hit by Pierre-edouard Bellemare and loses puck.
0:33 of 2nd period - Snap shot by Philipp Kurashev.
0:33 of 2nd period - Stopped by Charlie Lindgren without a rebound.
0:34 of 2nd period - Philipp Kurashev wins face-off versus Stefan Noesen in Tappara Tampere zone.
0:37 of 2nd period - Slapshot by Philipp Kurashev.
0:37 of 2nd period - Stopped by Charlie Lindgren with a rebound.
0:39 of 2nd period - Snap shot by Matt Irwin.
0:39 of 2nd period - Shot Blocked by Jan Rutta.
0:41 of 2nd period - Wrist shot by Teddy Blueger.
0:41 of 2nd period - Stopped by Charlie Lindgren with a rebound.
0:43 of 2nd period - Slapshot by Matt Irwin.
0:43 of 2nd period - Stopped by Charlie Lindgren with a rebound.
0:45 of 2nd period - Slapshot by Kevin Gravel.
0:45 of 2nd period - Stopped by Charlie Lindgren with a rebound.
0:47 of 2nd period - Snap shot by Emil Bemstrom.
0:47 of 2nd period - Stopped by Charlie Lindgren without a rebound.
0:48 of 2nd period - Pierre-edouard Bellemare wins face-off versus Stefan Noesen in Tappara Tampere zone.
0:49 of 2nd period - Wrist shot by Samuel Blais.
0:49 of 2nd period - Deflect By Zach Aston-Reese.
0:49 of 2nd period - Shot Misses the Net.
0:49 of 2nd period - Puck is out of play.
0:50 of 2nd period - Stefan Noesen wins face-off versus Pierre-edouard Bellemare in Tappara Tampere zone.
2:00 of 2nd period - Wrist shot by Stefan Noesen.
2:00 of 2nd period - Shot Blocked by Kevin Gravel.
2:03 of 2nd period - Penalty to Andy Andreoff is over, Andy Andreoff is back on ice.
2:06 of 2nd period - Jan Rutta is hit by Kevin Gravel and loses puck.
3:00 of 2nd period - Off-side.
3:01 of 2nd period - Andrew Poturalski wins face-off versus Pavel Dorofeyev in neutral zone.
3:33 of 2nd period - Wrist shot by Anders Bjork.
3:33 of 2nd period - Shot Misses the Net.
3:35 of 2nd period - Snap shot by Calvin De Haan.
3:35 of 2nd period - Stopped by Eric Comrie with a rebound.
3:37 of 2nd period - Snap shot by Logan O'Connor.
3:37 of 2nd period - Deflect By Kent Johnson.
3:37 of 2nd period - Goal by Kent Johnson - Havana Tropicals : 0 - Tappara Tampere : 4.
3:38 of 2nd period - Philipp Kurashev wins face-off versus Kent Johnson in neutral zone.
4:03 of 2nd period - Mattias Samuelsson is hit by Samuel Blais and loses puck.
4:29 of 2nd period - Icing by Zach Whitecloud.
4:30 of 2nd period - Andy Andreoff wins face-off versus Pavel Dorofeyev in Havana Tropicals zone.
4:54 of 2nd period - Pavel Dorofeyev is hit by Andy Andreoff and loses puck.
5:05 of 2nd period - Wrist shot by Stefan Noesen.
5:05 of 2nd period - Deflect By Mattias Janmark.
5:05 of 2nd period - Shot Hit the Post.
5:05 of 2nd period - Puck is out of play.
5:06 of 2nd period - Teddy Blueger wins face-off versus Kent Johnson in Havana Tropicals zone.
5:13 of 2nd period - Wrist shot by Emil Bemstrom.
5:13 of 2nd period - Stopped by Charlie Lindgren with a rebound.
5:15 of 2nd period - Slapshot by Kevin Gravel.
5:15 of 2nd period - Stopped by Charlie Lindgren without a rebound.
5:16 of 2nd period - Kent Johnson wins face-off versus Philipp Kurashev in Tappara Tampere zone.
5:29 of 2nd period - Snap shot by Emil Bemstrom.
5:29 of 2nd period - Stopped by Charlie Lindgren with a rebound.
5:31 of 2nd period - Snap shot by Philipp Kurashev.
5:31 of 2nd period - Stopped by Charlie Lindgren with a rebound.
5:33 of 2nd period - Wrist shot by Philipp Kurashev.
5:33 of 2nd period - Goal by Philipp Kurashev - Havana Tropicals : 1 - Tappara Tampere : 4.
5:34 of 2nd period - Kent Johnson wins face-off versus Philipp Kurashev in neutral zone.
5:45 of 2nd period - Backhand shot by Emil Bemstrom.
5:45 of 2nd period - Stopped by Charlie Lindgren with a rebound.
5:47 of 2nd period - Slapshot by Zach Whitecloud.
5:47 of 2nd period - Stopped by Charlie Lindgren with a rebound.
5:49 of 2nd period - Backhand shot by Emil Bemstrom.
5:49 of 2nd period - Stopped by Charlie Lindgren with a rebound.
5:55 of 2nd period - Minor Penalty to Jan Rutta for Roughing.
5:56 of 2nd period - Pierre-edouard Bellemare wins face-off versus Stefan Noesen in Tappara Tampere zone.
5:59 of 2nd period - Snap shot by Samuel Blais.
5:59 of 2nd period - Stopped by Charlie Lindgren with a rebound.
6:01 of 2nd period - Snap shot by Pierre-edouard Bellemare.
6:01 of 2nd period - Goal by Pierre-edouard Bellemare - Havana Tropicals : 2 - Tappara Tampere : 4.
6:02 of 2nd period - Kent Johnson wins face-off versus Samuel Blais in neutral zone.
6:47 of 2nd period - Wrist shot by Pavel Dorofeyev.
6:47 of 2nd period - Stopped by Charlie Lindgren with a rebound.
6:49 of 2nd period - Slapshot by Matt Irwin.
6:49 of 2nd period - Stopped by Charlie Lindgren with a rebound.
6:51 of 2nd period - Wrist shot by Kevin Gravel.
6:51 of 2nd period - Deflect By Pavel Dorofeyev.
6:51 of 2nd period - Shot Misses the Net.
6:51 of 2nd period - Puck is out of play.
6:52 of 2nd period - Andrew Poturalski wins face-off versus Pierre-edouard Bellemare in Tappara Tampere zone.
6:57 of 2nd period - Matt Irwin is hit by Mattias Samuelsson.
7:49 of 2nd period - Icing by Emil Bemstrom.
7:50 of 2nd period - Philipp Kurashev wins face-off versus Kent Johnson in Havana Tropicals zone.
7:59 of 2nd period - Slapshot by Emil Bemstrom.
7:59 of 2nd period - Shot Blocked by Jan Rutta.
8:01 of 2nd period - Snap shot by Matt Irwin.
8:01 of 2nd period - Stopped by Charlie Lindgren with a rebound.
8:03 of 2nd period - Backhand shot by Kevin Gravel.
8:03 of 2nd period - Stopped by Charlie Lindgren with a rebound.
8:05 of 2nd period - Slapshot by Matt Irwin.
8:05 of 2nd period - Stopped by Charlie Lindgren with a rebound.
8:07 of 2nd period - Wrist shot by Emil Bemstrom.
8:07 of 2nd period - Stopped by Charlie Lindgren with a rebound.
8:09 of 2nd period - Snap shot by Teddy Blueger.
8:09 of 2nd period - Deflect By Philipp Kurashev.
8:09 of 2nd period - Shot Misses the Net.
8:09 of 2nd period - Puck is out of play.
8:10 of 2nd period - Pierre-edouard Bellemare wins face-off versus Andy Andreoff in Tappara Tampere zone.
8:23 of 2nd period - Timothy Liljegren is hit by Calvin De Haan and loses puck.
8:36 of 2nd period - Calvin De Haan is hit by Timothy Liljegren and loses puck.
9:01 of 2nd period - Phillip Di Giuseppe is hit by Darren Raddysh and loses puck.
9:18 of 2nd period - Ben Hutton is hit by Pierre-edouard Bellemare and loses puck.
9:44 of 2nd period - Snap shot by Mattias Janmark.
9:44 of 2nd period - Shot Blocked by Kevin Gravel.
10:00 of 2nd period - Wrist shot by Elmer Soderblom.
10:00 of 2nd period - Stopped by Charlie Lindgren without a rebound.
10:01 of 2nd period - Kent Johnson wins face-off versus Samuel Blais in Tappara Tampere zone.
10:08 of 2nd period - Snap shot by Kent Johnson.
10:08 of 2nd period - Shot Misses the Net.
10:24 of 2nd period - Anders Bjork is hit by Elmer Soderblom and loses puck.
10:47 of 2nd period - Kent Johnson is hit by Timothy Liljegren.
11:03 of 2nd period - Slapshot by Kent Johnson.
11:03 of 2nd period - Stopped by Eric Comrie with a rebound.
11:05 of 2nd period - Snap shot by Logan O'Connor.
11:05 of 2nd period - Shot Misses the Net.
11:17 of 2nd period - Snap shot by Kent Johnson.
11:17 of 2nd period - Shot Misses the Net.
11:19 of 2nd period - Slapshot by Alex Goligoski.
11:19 of 2nd period - Deflect By Kevin Gravel.
11:19 of 2nd period - Stopped by Eric Comrie with a rebound.
11:21 of 2nd period - Slapshot by Mattias Samuelsson.
11:21 of 2nd period - Deflect By Kevin Gravel.
11:21 of 2nd period - Stopped by Eric Comrie without a rebound.
11:22 of 2nd period - Andy Andreoff wins face-off versus Philipp Kurashev in Havana Tropicals zone.
11:26 of 2nd period - Minor Penalty to Philipp Kurashev for Holding.
11:27 of 2nd period - Andy Andreoff wins face-off versus Pierre-edouard Bellemare in Havana Tropicals zone.
11:46 of 2nd period - Icing by Andy Andreoff.
11:47 of 2nd period - Andy Andreoff wins face-off versus Pierre-edouard Bellemare in Tappara Tampere zone.
11:47 of 2nd period - Andy Andreoff is hit by Pierre-edouard Bellemare.
11:57 of 2nd period - Wrist shot by Stefan Noesen.
11:57 of 2nd period - Stopped by Eric Comrie with a rebound.
12:04 of 2nd period - Minor Penalty to Emil Bemstrom for Holding Stick.
12:05 of 2nd period - Chris Tierney wins face-off versus Logan O'Connor in Havana Tropicals zone.
13:11 of 2nd period - Icing by Mattias Janmark.
13:12 of 2nd period - Andy Andreoff wins face-off versus Teddy Blueger in Tappara Tampere zone.
13:26 of 2nd period - Penalty to Philipp Kurashev is over, Philipp Kurashev is back on ice.
14:04 of 2nd period - Penalty to Emil Bemstrom is over, Emil Bemstrom is back on ice.
14:10 of 2nd period - Elmer Soderblom is hit by Kiefer Sherwood and loses puck.
14:57 of 2nd period - Minor Penalty to Andy Andreoff for Hooking.
14:58 of 2nd period - Stefan Noesen wins face-off versus Philipp Kurashev in Tappara Tampere zone.
15:10 of 2nd period - Snap shot by Logan O'Connor.
15:10 of 2nd period - Stopped by Eric Comrie with a rebound.
16:57 of 2nd period - Penalty to Andy Andreoff is over, Andy Andreoff is back on ice.
17:12 of 2nd period - Slapshot by William Eklund.
17:12 of 2nd period - Shot Blocked by Elmer Soderblom.
17:14 of 2nd period - Slapshot by William Eklund.
17:14 of 2nd period - Shot Blocked by Elmer Soderblom.
17:45 of 2nd period - Nolan Foote is hit by Andrew Poturalski and loses puck.
18:12 of 2nd period - Dennis Cholowski is hit by Ben Hutton and loses puck.
18:31 of 2nd period - Slapshot by Rocco Grimaldi.
18:31 of 2nd period - Stopped by Eric Comrie with a rebound.
18:39 of 2nd period - Snap shot by Chris Tierney.
18:39 of 2nd period - Shot Blocked by Kiefer Sherwood.
18:41 of 2nd period - Backhand shot by Darren Raddysh.
18:41 of 2nd period - Shot Misses the Net.
18:51 of 2nd period - Nolan Foote is hit by Calvin De Haan and loses puck.
19:06 of 2nd period - Wrist shot by Rocco Grimaldi.
19:06 of 2nd period - Stopped by Eric Comrie without a rebound.
19:07 of 2nd period - Andy Andreoff wins face-off versus Philipp Kurashev in Havana Tropicals zone.
19:37 of 2nd period - Slapshot by Anders Bjork.
19:37 of 2nd period - Shot Misses the Net.
19:39 of 2nd period - Wrist shot by Logan O'Connor.
19:39 of 2nd period - Stopped by Eric Comrie with a rebound.
19:41 of 2nd period - Snap shot by Logan O'Connor.
19:41 of 2nd period - Shot Hit the Post.
19:55 of 2nd period - Slapshot by Alex Goligoski.
19:55 of 2nd period - Stopped by Eric Comrie with a rebound.
19:57 of 2nd period - Slapshot by Jan Rutta.
19:57 of 2nd period - Deflect By Alexander Nylander.
19:57 of 2nd period - Stopped by Eric Comrie without a rebound.
19:58 of 2nd period - William Eklund wins face-off versus Pavel Dorofeyev in Havana Tropicals zone.
Goals for this period are 2 for Havana Tropicals vs 1 for Tappara Tampere.
Shots for this period are 23 for Havana Tropicals vs 12 for Tappara Tampere.
3rd period
0:01 of 3rd period - Andy Andreoff wins face-off versus Philipp Kurashev in neutral zone.
0:26 of 3rd period - John Klingberg is hit by Pavel Dorofeyev and loses puck.
0:34 of 3rd period - Minor Penalty to Jan Rutta for Holding.
0:35 of 3rd period - Pierre-edouard Bellemare wins face-off versus Stefan Noesen in Tappara Tampere zone.
1:21 of 3rd period - Minor Penalty to Logan O'Connor for Hooking.
1:22 of 3rd period - Pierre-edouard Bellemare wins face-off versus Stefan Noesen in Tappara Tampere zone.
1:27 of 3rd period - Snap shot by Zach Aston-Reese.
1:27 of 3rd period - Shot Blocked by John Klingberg.
2:22 of 3rd period - Icing by Teddy Blueger.
2:23 of 3rd period - Mattias Janmark wins face-off versus Philipp Kurashev in Havana Tropicals zone.
2:24 of 3rd period - Slapshot by Alex Goligoski.
2:24 of 3rd period - Deflect By Stefan Noesen.
2:24 of 3rd period - Shot Hit the Post.
2:24 of 3rd period - Puck is out of play.
2:25 of 3rd period - Pierre-edouard Bellemare wins face-off versus Stefan Noesen in Havana Tropicals zone.
2:34 of 3rd period - Penalty to Jan Rutta is over, Jan Rutta is back on ice.
3:17 of 3rd period - John Klingberg is hit by Samuel Blais and loses puck.
3:21 of 3rd period - Penalty to Logan O'Connor is over, Logan O'Connor is back on ice.
3:35 of 3rd period - Off-side.
3:36 of 3rd period - Pavel Dorofeyev wins face-off versus Andrew Poturalski in neutral zone.
3:39 of 3rd period - Wrist shot by Alexander Nylander.
3:39 of 3rd period - Stopped by Charlie Lindgren without a rebound.
3:40 of 3rd period - Andy Andreoff wins face-off versus Emil Bemstrom in Tappara Tampere zone.
3:55 of 3rd period - Snap shot by Philipp Kurashev.
3:55 of 3rd period - Shot Misses the Net.
4:35 of 3rd period - Kiefer Sherwood is hit by Elmer Soderblom and loses puck.
5:03 of 3rd period - Slapshot by Teddy Blueger.
5:03 of 3rd period - Shot Misses the Net.
5:11 of 3rd period - Philipp Kurashev is hit by Mattias Janmark and loses puck.
6:01 of 3rd period - Minor Penalty to Calvin De Haan for Hooking.
6:02 of 3rd period - Stefan Noesen wins face-off versus Pierre-edouard Bellemare in Tappara Tampere zone.
8:01 of 3rd period - Penalty to Calvin De Haan is over, Calvin De Haan is back on ice.
8:09 of 3rd period - Calvin De Haan is hit by Zach Whitecloud and loses puck.
8:31 of 3rd period - Wrist shot by Andrew Poturalski.
8:31 of 3rd period - Shot Misses the Net.
8:58 of 3rd period - Snap shot by Phillip Di Giuseppe.
8:58 of 3rd period - Shot Blocked by Darren Raddysh.
9:04 of 3rd period - Chris Tierney is hit by Phillip Di Giuseppe and loses puck.
9:28 of 3rd period - Samuel Blais is hit by Mattias Samuelsson and loses puck.
10:06 of 3rd period - Emil Bemstrom is hit by Kiefer Sherwood and loses puck.
10:17 of 3rd period - Darren Raddysh is hit by Kent Johnson.
10:42 of 3rd period - William Eklund is hit by Alexander Nylander and loses puck.
12:00 of 3rd period - Snap shot by Anders Bjork.
12:00 of 3rd period - Shot Misses the Net.
12:02 of 3rd period - Wrist shot by Kent Johnson.
12:02 of 3rd period - Stopped by Eric Comrie with a rebound.
12:04 of 3rd period - Snap shot by Logan O'Connor.
12:04 of 3rd period - Shot Misses the Net.
12:06 of 3rd period - Snap shot by Anders Bjork.
12:06 of 3rd period - Shot Misses the Net.
12:08 of 3rd period - Snap shot by Anders Bjork.
12:08 of 3rd period - Stopped by Eric Comrie with a rebound.
12:10 of 3rd period - Slapshot by Jan Rutta.
12:10 of 3rd period - Shot Blocked by Darren Raddysh.
12:12 of 3rd period - Wrist shot by Logan O'Connor.
12:12 of 3rd period - Shot Misses the Net.
12:14 of 3rd period - Slapshot by John Klingberg.
12:14 of 3rd period - Stopped by Eric Comrie without a rebound.
12:15 of 3rd period - Andy Andreoff wins face-off versus Pavel Dorofeyev in Havana Tropicals zone.
12:20 of 3rd period - Snap shot by Stefan Noesen.
12:20 of 3rd period - Shot Misses the Net.
12:22 of 3rd period - Snap shot by Stefan Noesen.
12:22 of 3rd period - Shot Blocked by Matt Irwin.
12:24 of 3rd period - Slapshot by Alex Goligoski.
12:24 of 3rd period - Deflect By Stefan Noesen.
12:24 of 3rd period - Stopped by Eric Comrie with a rebound.
12:26 of 3rd period - Wrist shot by Mattias Janmark.
12:26 of 3rd period - Deflect By Stefan Noesen.
12:26 of 3rd period - Stopped by Eric Comrie with a rebound.
12:28 of 3rd period - Slapshot by Mattias Samuelsson.
12:28 of 3rd period - Deflect By Alexander Nylander.
12:28 of 3rd period - Stopped by Eric Comrie with a rebound.
12:30 of 3rd period - Snap shot by Mattias Janmark.
12:30 of 3rd period - Shot Blocked by Kevin Gravel.
12:47 of 3rd period - Kevin Gravel is hit by Rocco Grimaldi.
13:43 of 3rd period - Wrist shot by Philipp Kurashev.
13:43 of 3rd period - Stopped by Charlie Lindgren without a rebound.
13:44 of 3rd period - Teddy Blueger wins face-off versus Kent Johnson in Tappara Tampere zone.
13:45 of 3rd period - Slapshot by Emil Bemstrom.
13:45 of 3rd period - Shot Misses the Net.
14:17 of 3rd period - Snap shot by Andrew Poturalski.
14:17 of 3rd period - Deflect By Philipp Kurashev.
14:17 of 3rd period - Shot Misses the Net.
14:17 of 3rd period - Puck is out of play.
14:18 of 3rd period - Andy Andreoff wins face-off versus Zach Aston-Reese in Havana Tropicals zone.
14:49 of 3rd period - Snap shot by Alexander Nylander.
14:49 of 3rd period - Shot Blocked by Logan O'Connor.
14:51 of 3rd period - Snap shot by Alexander Nylander.
14:51 of 3rd period - Stopped by Charlie Lindgren with a rebound.
14:53 of 3rd period - Snap shot by Alexander Nylander.
14:53 of 3rd period - Stopped by Charlie Lindgren with a rebound.
14:55 of 3rd period - Snap shot by Matt Irwin.
14:55 of 3rd period - Deflect By Pavel Dorofeyev.
14:55 of 3rd period - Stopped by Charlie Lindgren with a rebound.
15:09 of 3rd period - Wrist shot by Kiefer Sherwood.
15:09 of 3rd period - Deflect By Rocco Grimaldi.
15:09 of 3rd period - Shot Misses the Net.
15:09 of 3rd period - Puck is out of play.
15:10 of 3rd period - Andrew Poturalski wins face-off versus Pierre-edouard Bellemare in Havana Tropicals zone.
15:44 of 3rd period - Icing by Darren Raddysh.
15:45 of 3rd period - Philipp Kurashev wins face-off versus Andy Andreoff in Havana Tropicals zone.
15:50 of 3rd period - Mattias Janmark is hit by Teddy Blueger.
15:56 of 3rd period - Mattias Janmark is hit by Teddy Blueger.
16:11 of 3rd period - Off-side.
16:12 of 3rd period - Kent Johnson wins face-off versus Pavel Dorofeyev in neutral zone.
17:02 of 3rd period - Timothy Liljegren is hit by Stefan Noesen and loses puck.
17:40 of 3rd period - Wrist shot by Pavel Dorofeyev.
17:40 of 3rd period - Shot Misses the Net.
17:42 of 3rd period - Slapshot by Alexander Nylander.
17:42 of 3rd period - Stopped by Charlie Lindgren with a rebound.
17:44 of 3rd period - Slapshot by Kevin Gravel.
17:44 of 3rd period - Shot Misses the Net.
17:50 of 3rd period - Minor Penalty to Ben Hutton for Hooking.
17:51 of 3rd period - Philipp Kurashev wins face-off versus Stefan Noesen in Tappara Tampere zone.
18:32 of 3rd period - Wrist shot by Emil Bemstrom.
18:32 of 3rd period - Shot Misses the Net.
18:38 of 3rd period - Snap shot by Emil Bemstrom.
18:38 of 3rd period - Stopped by Charlie Lindgren with a rebound.
18:50 of 3rd period - Wrist shot by Philipp Kurashev.
18:50 of 3rd period - Stopped by Charlie Lindgren with a rebound.
18:52 of 3rd period - Snap shot by Teddy Blueger.
18:52 of 3rd period - Goal by Teddy Blueger - Havana Tropicals : 3 - Tappara Tampere : 4.
18:53 of 3rd period - Andy Andreoff wins face-off versus Philipp Kurashev in neutral zone.
19:06 of 3rd period - Slapshot by Stefan Noesen.
19:06 of 3rd period - Stopped by Eric Comrie with a rebound.
19:12 of 3rd period - Havana Tropicals, Eric Comrie is pulled from the net.
19:12 of 3rd period - Wrist shot by Emil Bemstrom.
19:12 of 3rd period - Stopped by Charlie Lindgren with a rebound.
19:30 of 3rd period - Slapshot by Timothy Liljegren.
19:30 of 3rd period - Shot Misses the Net.
19:32 of 3rd period - Snap shot by Teddy Blueger.
19:32 of 3rd period - Shot Misses the Net.
19:38 of 3rd period - Snap shot by Emil Bemstrom.
19:38 of 3rd period - Stopped by Charlie Lindgren with a rebound.
19:40 of 3rd period - Wrist shot by Teddy Blueger.
19:40 of 3rd period - Stopped by Charlie Lindgren with a rebound.
19:42 of 3rd period - Snap shot by Timothy Liljegren.
19:42 of 3rd period - Stopped by Charlie Lindgren with a rebound.
19:44 of 3rd period - Snap shot by Teddy Blueger.
19:44 of 3rd period - Stopped by Charlie Lindgren with a rebound.
19:50 of 3rd period - Slapshot by Philipp Kurashev.
19:50 of 3rd period - Stopped by Charlie Lindgren with a rebound.
19:52 of 3rd period - Wrist shot by Timothy Liljegren.
19:52 of 3rd period - Deflect By Teddy Blueger.
19:52 of 3rd period - Shot Misses the Net.
19:52 of 3rd period - Puck is out of play.
19:53 of 3rd period - Bob Boughner call a timeout for Havana Tropicals.
19:53 of 3rd period - Andy Andreoff wins face-off versus Philipp Kurashev in Tappara Tampere zone.
19:53 of 3rd period - Andy Andreoff is hit by Emil Bemstrom.
Goals for this period are 1 for Havana Tropicals vs 0 for Tappara Tampere.
Shots for this period are 15 for Havana Tropicals vs 7 for Tappara Tampere.
Back to the Top